 Dungeon Crawl Stone Soup version 0.31-a0-841-g038b102fc3 (webtiles) character file.

Game seed: 12132296640553746980

112 Kurtz the Chopper (level 4, 0/31 HPs)
             Began as an Octopode Fighter on Sept 28, 2023.
             Slain by a phantom (1 damage)
             ... on level 4 of the Dungeon.
             The game lasted 00:01:54 (2344 turns).

Kurtz the Chopper (Octopode Fighter)                Turns: 2344, Time: 00:01:54

Health: 0/31       AC:  1    Str: 15    XL:     4   Next: 93%
Magic:  4/4        EV: 14    Int: 10    God:
Gold:   149        SH:  5    Dex: 19    Spells: 3/3 levels left

rFire   . . .        a - +0 war axe
rCold   . . .        b - +0 buckler
rNeg    . . .        (helmet restricted)
rPois   .            (no amulet)
rElec   .            f - +6 ring of dexterity
rCorr   .            (no ring)
SInv    .            (no ring)
Will    .....        (no ring)
Stlth   +++          (no ring)
HPRegen 0.25/turn    (no ring)
MPRegen 0.09/turn    (no ring)
                     (no ring)

%: no passive effects
@: no status effects
A: almost no armour, amphibious, 8 rings, camouflage 1, gelatinous body 1,
(nimble swimmer 1), tentacles
a: no special abilities


You were on level 4 of the Dungeon.
You visited 1 branch of the dungeon, and saw 4 of its levels.

You collected 149 gold pieces.

Inventory:

Hand Weapons
 a - a +0 war axe (weapon)
Missiles
 g - 6 poisoned darts
 n - 2 atropa-tipped darts
Armour
 b - a +0 buckler (worn)
Jewellery
 f - a +6 ring of dexterity (left tentacle)
 h - an amulet of faith
 q - a ring of resist corrosion
 s - an amulet of guardian spirit
Scrolls
 d - a scroll of enchant armour {unknown}
 e - 5 scrolls of identify {unknown}
 k - a scroll of poison {unknown}
 l - 2 scrolls of amnesia {unknown}
 m - a scroll of torment {unknown}
 o - 2 scrolls of teleportation {unknown}
Potions
 c - a potion of might
 i - a potion of ambrosia {unknown}
 j - a potion of resistance {unknown}
 p - a potion of attraction {unknown}
 r - a potion of curing {unknown}
 t - a potion of enlightenment {unknown}


   Skills:
 - Level 3.0 Fighting
 * Level 4.9 Axes
 - Level 3.0 Dodging
 - Level 3.0 Shields


You had 3 spell levels left.
You didn't know any spells.
Your spell library contained the following spells:

 Spells                   Type           Power      Damage    Failure   Level
 Ignite Poison            Fire/Tmut/Pois 0%         N/A       83%         3
 Sticky Flame             Conj/Fire      0%         2d3       99%         4
 Ignition                 Fire           0%         3d3       100%        8


Dungeon Overview and Level Annotations

Branches:
Dungeon (4/15)
 Temple: D:4-7

Altars:
Elyvilon
Sif Muna
Uskayaw
Xom
The Shining One


Innate Abilities, Weirdness & Mutations

You cannot wear most types of armour.
You are amphibious.
You can wear up to eight rings at the same time.
Your skin changes colour to match your surroundings (Stealth+).
Your rubbery body absorbs attacks. (AC +1, EV +1)
((You are camouflaged when in or above water. (Stealth+)))
You have tentacles for arms and can constrict up to eight enemies at once.


Message History

You slash the adder! Your grab misses the adder. Your squeeze misses the adder.
The adder is severely wounded.
The adder barely misses you. x2
You hit the adder.
You kill the adder!
No target in view!
No target in view!
HP restored.
Found a robe.
You see here an adder corpse.
You now have 149 gold pieces (gained 13).
t - a grey potion
o - 2 scrolls labelled COCKETSARI (gained 1) 4 gnolls come into view.
Found a tapered wooden wand and 11 gold pieces.
There are monsters nearby!
What are your orders? t - Shout!
Orders for allies: a - Attack new target. r - Retreat! s - Stop attacking. g - Guard the area. f - Follow me.
Anything else - Cancel.
You shout for attention!
You hear a shout! x4; You hear an angry hiss. x2
You see here an adder corpse.
You start waiting.
A centaur comes into view.
Found 9 gold pieces.
A phantom comes into view.
The phantom moves out of view.
The phantom hits you.
The centaur wields a +0 orcbow.
The centaur shoots an arrow.
The arrow hits you!
The centaur shoots an arrow.
The arrow hits you!
* * * LOW HITPOINT WARNING * * *
The centaur shoots an arrow.
The arrow closely misses you. The phantom hits you.
* * * LOW HITPOINT WARNING * * *
The phantom attacks as it pursues you! The phantom barely misses you.
The phantom attacks as it pursues you! The phantom hits you.
You die...

#########
#......)#
#.......#
#.......#
#.......#
#..<....#
#.......# .$
#..@....# .
#..W....# .
#.c.....# #.
#####.......#
#.##.......#####
##.........## .#
#........### ...
##...#.##.#
...##....#.##.#


You could see a phantom and a centaur.

Vanquished Creatures
  3 gnolls
  2 adders
  2 worms (D:3)
  2 dart slugs
  8 ball pythons
  6 bats
  8 endoplasms
  4 giant cockroaches
  4 goblins
  5 hobgoblins
  3 kobolds
  A quokka (D:2)
  A frilled lizard (D:3)
  3 rats
52 creatures vanquished.

Notes
Turn   | Place    | Note
-------+----------+-------------------------------------------
     0 | D:1      | Kurtz the Octopode Fighter began the quest for the Orb.
     0 | D:1      | Reached XP level 1. HP: 16/16 MP: 1/1
    41 | D:1      | Reached XP level 2. HP: 21/21 MP: 2/2
   213 | D:1      | Reached skill level 3 in Axes
   401 | D:1      | Reached XP level 3. HP: 23/26 MP: 3/3
   995 | D:2      | Reached skill level 4 in Axes
  1410 | D:3      | Reached XP level 4. HP: 31/31 MP: 4/4
  2054 | D:3      | Found a shimmering altar of Xom.
  2111 | D:3      | Found a hide-covered altar of Uskayaw.
  2111 | D:3      | Found a white marble altar of Elyvilon.
  2113 | D:3      | Found a glowing golden altar of the Shining One.
  2113 | D:3      | Found a shimmering altar of Xom.
  2113 | D:3      | Found a shimmering blue altar of Sif Muna.
  2329 | D:4      | Noticed a centaur
  2332 | D:4      | Noticed a phantom
  2342 | D:4      | HP: 1/31 [phantom (3)]
  2344 | D:4      | Slain by a phantom

Illustrated notes

Levels and vault maps discovered:
D:1:      dpeg_arrival_pits, layout_loops_ring
D:2:      minmay_skewed_foursquare, layout_loops_ring, corexii_leaking_fountain,
          kennysheep_generic_room_6
D:3:      layout_basic, doesnt_xom_only_xom, serial_aquarium,
          aquarium_bridge_straight [aquarium_subvault_bridge,
          aquarium_subvault_wall, aquarium_subvault_bridge,
          aquarium_subvault_wall], aquarium_bridge_long_joined
          [aquarium_subvault_wall, aquarium_subvault_bridge,
          aquarium_subvault_window, aquarium_subvault_wall,
          aquarium_subvault_bridge, aquarium_subvault_bridge],
          aquarium_window_fake, aquarium_window_corridor_3, aquarium_window_1,
          aquarium_window_fake, aquarium_view_2c, aquarium_view_2b,
          nicolae_concentric_dashed_squares_wild, glass_columns_c,
          serial_bayou_pond_e
D:4:      layout_rooms, marbit_many_paths, uniq_sigmund

Skill      XL: |  1  2  3 |
---------------+----------+-----
Axes           | 3 4 |  4.9
Fighting       | |  3.0
Dodging        | |  3.0
Shields        | |  3.0

Action                     |  1- 3 |  4- 6 || total
---------------------------+-------+-------++-------
  Melee: War axe           |    72 |    20 ||    92
         Constrict         |    18 |     7 ||    25
         Tentacles         |    12 |     4 ||    16
         Punch             |     1 |       ||     1
    Use: Potion            |       |     1 ||     1
   Stab: Sleeping          |    12 |     2 ||    14
 Armour: Skin              |    23 |    14 ||    37
  Dodge: Dodged            |    55 |    19 ||    74
  Block: Buckler           |    11 |     2 ||    13

Table legend: (Time is in decaauts)
 A = Elapsed time spent in this place.
 B = Non-inter-level travel time spent in this place.
 C = Inter-level travel time spent in this place.
 D = Time resting spent in this place.
 E = Time spent auto-exploring this place.
 F = Levels seen in this place.
 G = Mean time per level.
                   A        B        C        D        E       F      G
               +--------+--------+--------+--------+--------+-----+--------+
         Total |   2384 |   2285 |     99 |    156 |   1724 |   4 |  596.0 |
       Dungeon |   2384 |   2285 |     99 |    156 |   1724 |   4 |  596.0 |
               +--------+--------+--------+--------+--------+-----+--------+

Top non-repeatable levels by time:
     D:2: 846 daAuts
     D:3: 799 daAuts
     D:1: 662 daAuts
     D:4: 75 daAuts
